 Dungeon Crawl Stone Soup version 0.30-a0-476-g330ca2eb8e (webtiles) character file.

Game seed: 5370119201909864327

1749478 freelancePsychic the Wrestler (level 25, 210/210 HPs)
             Began as a Demonspawn Wanderer on Dec 21, 2022.
             Was the Champion of Ru.
             Escaped with the Orb
             ... and 3 runes!
             The game lasted 01:55:38 (61911 turns).

freelancePsychic the Wrestler (DsWn)               Turns: 61911, Time: 01:55:38

Health: 210/210    AC:  5    Str: 19    XL:     25   Next: 93%
Magic:  35/35      EV: 39    Int: 23    God:    Ru [******]
Gold:   3256       SH: 18    Dex: 22    Spells: 28/41 levels left

rFire   + + +      SeeInvis +      - Unarmed
rCold   + . .      Faith    .    C - +3 kite shield {rF+}
rNeg    + + .      Spirit   .    k - +0 robe {Archmagi}
rPois   +          Reflect  .    W - -2 hat of the Alchemist {rElec rPois rF+ rC+ rN+ Will+ rMut rCorr}
rElec   +          Harm     .    H - +1 cloak of Hysteria {Int+3 Slay+2 SInv}
rCorr   +          Rampage  .    (gloves unavailable)
rMut    +          Archmagi +    J - +2 pair of boots
Will    ++...                    K - dreamshard necklace {*Dream Drain}
Stlth   ++........               z - +7 ring of evasion
HPRegen 0.55/turn                Y - ring "Zoujal" {rF+ rN+ rCorr Int+4 Dex+6}
MPRegen 0.24/turn

@: studying Long Blades, repel missiles
A: claws 3, repulsion field 3, ignite blood 3, powered by pain 3, torment
resistance 1, inability to drink after injury 2, hated by all, inability to
train armour, no conjurations magic, no hexes magic, no poison magic,
weak-willed 1, demonic willpower
0: Orb of Zot
}: 3/15 runes: decaying, serpentine, silver
a: Renounce Religion, Draw Out Power, Power Leap, Apocalypse


You escaped.
You worshipped Ru.
Ru was exalted by your worship.
You visited 10 branches of the dungeon, and saw 48 of its levels.
You visited 2 bazaars.
You also visited: Trove, Ice Cave, Wizlab and Desolation.

You collected 8322 gold pieces.
You spent 5066 gold pieces at shops.

Inventory:

Missiles
 n - 3 throwing nets
Armour
 k - a +0 robe of the Archmagi (worn)
 r - a scarf of resistance
 C - a +3 kite shield of fire resistance (worn)
 H - the +1 cloak of Hysteria (worn) {Int+3 Slay+2 SInv}
   (You found it on level 5 of the Vaults)

   Int:       It affects your intelligence (+3).
   Slay:      It affects your accuracy & damage with ranged weapons and melee
   (+2).
   SInv:      It lets you see invisible.
 J - a +2 pair of boots (worn)
 W - the -2 hat of the Alchemist (worn) {rElec rPois rF+ rC+ rN+ Will+ rMut rCorr}
   (You acquired it on level 13 of the Dungeon)

   rF:        It protects you from fire.
   rC:        It protects you from cold.
   rElec:     It insulates you from electricity.
   rPois:     It protects you from poison.
   rN:        It protects you from negative energy.
   rCorr:     It protects you from acid and corrosion.
   rMut:      It protects you from mutation.
   Will:      It increases your willpower.
Jewellery
 h - an amulet of regeneration
 l - the ring "Eguexu" {Fly rF++ rC+ Str+4 Stlth-}
   (You found it in the Desolation of Salt)

   [ring of protection from cold]

   Str:       It affects your strength (+4).
   rF:        It greatly protects you from fire.
   rC:        It protects you from cold.
   Fly:       It grants you flight.
   Stlth:     It makes you less stealthy.
 p - the amulet "Xoupt" {Acrobat Dex+4}
   (You found it in a treasure trove)

   [amulet of the acrobat]

   It increases your evasion while moving and waiting.
   Dex:       It affects your dexterity (+4).
 v - the amulet of Bodily Harmony {Reflect rPois SH+5}
   (You found it in a treasure trove)

   [amulet of reflection]

   It reflects blocked missile attacks.
   rPois:     It protects you from poison.
   SH:        It affects your SH (+5).
 z - a +7 ring of evasion (left claw)
 K - the dreamshard necklace (around neck) {*Dream Drain}
   (You took it off an ironbound convoker on level 5 of the Vaults)

   [amulet of nothing]

   It shatters if its wearer takes lethal or near-lethal damage, preventing the
   blow and releasing protective dreams that heal and fight for the wearer.
   Drain:     It drains your maximum health when unequipped.
 N - the brooch of Shielding {Spirit SH+8}
   (You found it on level 5 of the Vaults)

   [amulet of guardian spirit]

   It causes incoming damage to be divided between your reserves of health and
   magic.
   SH:        It affects your SH (+8).
 Q - the ring "Eqiolys" {rF+ rC- Dex+7}
   (You found it in the Desolation of Salt)

   [ring of protection from fire]

   Dex:       It affects your dexterity (+7).
   rF:        It protects you from fire.
   rC:        It makes you vulnerable to cold.
 Y - the ring "Zoujal" (right claw) {rF+ rN+ rCorr Int+4 Dex+6}
   (You bought it in a shop on level 5 of the Vaults)

   [ring of positive energy]

   Int:       It affects your intelligence (+4).
   Dex:       It affects your dexterity (+6).
   rF:        It protects you from fire.
   rN:        It protects you from negative energy.
   rCorr:     It protects you from acid and corrosion.
Wands
 o - a wand of flame (84)
 t - a wand of iceblast (7)
 y - a wand of acid (40)
 X - a wand of digging (14)
Scrolls
 b - 10 scrolls of blinking
 c - 12 scrolls of fog
 d - 2 scrolls of enchant armour
 j - a scroll of silence
 s - 8 scrolls of magic mapping
 u - a scroll of brand weapon
 E - 6 scrolls of fear
 F - 6 scrolls of poison
 L - 13 scrolls of teleportation {@r4}
 R - 12 scrolls of immolation
Potions
 a - 3 potions of attraction
 e - 4 potions of invisibility
 f - 28 potions of curing {@q1}
 g - 5 potions of flight
 i - 4 potions of ambrosia
 m - 16 potions of lignification
 q - 10 potions of mutation
 x - 16 potions of brilliance
 A - 3 potions of might
 B - 10 potions of heal wounds {@q2}
 G - 2 potions of berserk rage
 O - 4 potions of cancellation
 T - a potion of haste {@q3}
 U - 5 potions of resistance
 V - 3 potions of magic
Miscellaneous
 w - a tin of tremorstones (2/2)
 D - a lightning rod (4/4)
 S - a condenser vane


   Skills:
 - Level 20.0 Fighting
 - Level 2.2 Maces & Flails
 - Level 20.0 Dodging
 - Level 6.8 Stealth
 - Level 15.6 Shields
 + Level 25.2 Unarmed Combat
 - Level 8.8 Spellcasting
 - Level 14.2 Transmutations
 - Level 14.2 Earth Magic
 - Level 3.0 Evocations


You had 28 spell levels left.
You knew the following spells:

 Your Spells              Type           Power      Damage    Failure   Level
a - Statue Form           Tmut/Erth      56%        N/A       4%          6
b - Lee's Rapid Deconstr  Erth           42%        3d21*     1%          5
i - Wereblood             Tmut           85%        N/A       1%          2

Your spell library contained the following spells:

 Spells                   Type           Power      Damage    Failure   Level
 Beastly Appendage        Tmut           100%       N/A       1%          1
 Passwall                 Tmut/Erth      70%        N/A       1%          2
 Petrify                  Tmut/Erth      85%        N/A       1%          4
 Apportation              Tloc           30%        N/A       11%         1
 Necrotise                Necr           60%        1d7       11%         1
 Blink                    Tloc           30%        N/A       16%         2
 Scorch                   Fire           30%        2d6       16%         2
 Sublimation of Blood     Necr           15%        N/A       16%         2
 Borgnjor's Vile Clutch   Necr/Erth      29%        N/A       16%         5
 Dragon Form              Tmut           42%        N/A       26%         7
 Gell's Gravitas          Tloc           15%        N/A       32%         3
 Kindle Blastsparks       Fire/Tloc/Air  30%        2d12      32%         3
 Ozocubu's Armour         Ice            15%        N/A       32%         3
 Swiftness                Air            15%        N/A       32%         3
 Teleport Other           Tloc           15%        N/A       32%         3
 Vampiric Draining        Necr           15%        2d7       32%         3
 Vhi's Electric Charge    Tloc/Air       30%        N/A       32%         3
 Airstrike                Air            7%         2d(2-18)  71%         4
 Dispel Undead            Necr           15%        3d10      71%         4
 Manifold Assault         Tloc           15%        N/A       71%         4
 Passage of Golubria      Tloc           15%        N/A       71%         4
 Agony                    Necr           15%        N/A       96%         5
 Storm Form               Tmut/Air       29%        N/A       99%         7
 Dispersal                Tloc           7%         N/A       100%        6
 Ozocubu's Refrigeration  Ice            7%         4d9       100%        7
 Borgnjor's Revivificati  Necr           7%         N/A       100%        8
 Disjunction              Tloc           7%         N/A       100%        8
 Ignition                 Fire           7%         3d5       100%        8
 Maxwell's Capacitive Co  Air            7%         ∞         100%        8
 Necromutation            Tmut/Necr      29%        N/A       100%        8
 Death's Door             Necr           7%         N/A       100%        9
 Polar Vortex             Ice            7%         N/A       100%        9
 Shatter                  Erth           42%        3d33*     100%        9
 Ignite Poison            Fire/Tmut/Pois Unusable   N/A       N/A         3
 Foxfire                  Conj/Fire      Unusable   2x1d7     N/A         1
 Magic Dart               Conj           Unusable   1d6       N/A         1
 Shock                    Conj/Air       Unusable   1d6       N/A         1
 Slow                     Hex            Unusable   N/A       N/A         1
 Summon Small Mammal      Summ           Unusable   N/A       N/A         1
 Call Imp                 Summ           Unusable   N/A       N/A         2
 Cigotuvi's Dreadful Rot  Necr/Pois/Air  Unusable   N/A       N/A         2
 Poisonous Vapours        Pois/Air       Unusable   N/A       N/A         2
 Alistair's Intoxication  Tmut/Pois      Unusable   N/A       N/A         5
 Irradiate                Conj/Tmut      Unusable   3d21      N/A         5
 Yara's Violent Unravell  Hex/Tmut       Unusable   3d12      N/A         5
 Confusing Touch          Hex            Unusable   N/A       N/A         3
 Dazzling Flash           Conj/Hex       Unusable   N/A       N/A         3
 Hailstorm                Conj/Ice       Unusable   3d5       N/A         3
 Inner Flame              Hex/Fire       Unusable   N/A       N/A         3
 Mephitic Cloud           Conj/Pois/Air  Unusable   N/A       N/A         3
 Summon Guardian Golem    Hex/Summ       Unusable   N/A       N/A         3
 Animate Dead             Necr           Unusable   N/A       N/A         4
 Cause Fear               Hex            Unusable   N/A       N/A         4
 Flame Wave               Conj/Fire      Unusable   2d7       N/A         4
 Fulminant Prism          Conj/Hex       Unusable   3d7       N/A         4
 Iskenderun's Mystic Bla  Conj/Tloc      Unusable   2d5       N/A         4
 Sticky Flame             Conj/Fire      Unusable   2d4       N/A         4
 Arcjolt                  Conj/Air       Unusable   1d17      N/A         5
 Freezing Cloud           Conj/Ice/Air   Unusable   6-21      N/A         5
 Silence                  Hex/Air        Unusable   N/A       N/A         5
 Conjure Ball Lightning   Conj/Air       Unusable   3x3d6     N/A         6
 Death Channel            Necr           Unusable   N/A       N/A         6
 Simulacrum               Ice/Necr       Unusable   N/A       N/A         6
 Summon Cactus Giant      Summ           Unusable   N/A       N/A         6
 Enfeeble                 Hex            Unusable   N/A       N/A         7
 Haunt                    Necr/Summ      Unusable   N/A       N/A         7
 Discord                  Hex            Unusable   N/A       N/A         8
 Infestation              Necr           Unusable   N/A       N/A         8
 Lehudib's Crystal Spear  Conj/Erth      Unusable   10d8      N/A         8
 Summon Horrible Things   Summ           Unusable   N/A       N/A         8
 Chain Lightning          Conj/Air       Unusable   3d10      N/A         9
 Fire Storm               Conj/Fire      Unusable   8d2       N/A         9

Dungeon Overview and Level Annotations

Branches:
Dungeon (15/15)            Temple (1/1) D:5            Lair (5/5) D:10
  Swamp (4/4) Lair:3        Snake (4/4) Lair:3        Slime (0/5) Lair:5
    Orc (2/2) D:9             Elf (3/3) Orc:2        Vaults (5/5) D:13
  Crypt (0/3) Vaults:3     Depths (4/4) D:15            Zot (5/5) Depths:4
  IceCv (visited)          WizLab (visited)         Desolation (visited)

Altars:
Ashenzari
Dithmenos
Gozag
Kikubaaqudgha
Makhleb
Nemelex Xobeh
Okawaru
Qazlal
Ru
Sif Muna
Trog
Uskayaw
Vehumet
Wu Jian
Xom

Shops:
D:6 *   D:13 *   Orc:2 [*=*[   Elf:3 ([   Snake:1 (   Snake:2 =   Snake:3 *[=
Vaults:4 !   Vaults:5 !!=

Portals:
Hell: Lair:5 Depths:1 Depths:3 Depths:4
Abyss: Depths:1 Depths:3
Pandemonium: Depths:2 Depths:3
Ziggurat: Depths:4

Annotations:
D:11 2 transporters, Adrian566's ghost, journeyman GrFi
Lair:3 exclusion: 3 oklob plants
Depths:2 exclusion: door
Depths:4 2 transporters, ragingrage's ghost, veteran SpEn
Zot:4 2 transporters


Innate Abilities, Weirdness & Mutations

You have claws for hands.
You are surrounded by a strong repulsion field. (EV +4, RMsl)
Your demonic aura causes all spilled blood to erupt in flames.
You are powered by pain.
You are resistant to unholy torment.
You sometimes lose the ability to drink potions when taking damage.
You are hated by all.
You cannot train Armour skill.
You cannot study or cast Conjurations magic.
You cannot study or cast Hexes magic.
You cannot study or cast Poison magic.
You are slightly weak-willed. (Will-)
You punish those that try to bend your will. (Will+)


Message History

There is an open door here.
There is a stone staircase leading up here.
You climb upwards.
There is a stone staircase leading down here.
There is a stone staircase leading up here.
You climb upwards.
There is a stone staircase leading down here.
There is a stone staircase leading up here.
You climb upwards.
There is a stone staircase leading down here.
An Orb Guardian comes into view.
Casting: Statue Form (mildly dangerous; 4% risk of failure)
Confirm with . or Enter, or press ? or * to list all spells.
You feel a surge of power!
You turn into a living statue of rough stone.
Your +2 pair of boots melds into your body.
Your +0 robe of the Archmagi melds into your body.
You feel strangely numb. You block the Orb Guardian's attack.
You eviscerate the Orb Guardian!!!!
You kill the Orb Guardian!
No target in view!
You revert to your normal fleshy form.
Your +2 pair of boots unmelds from your body.
Your +0 robe of the Archmagi unmelds from your body.
You feel powerful.
(D) Dungeon (T) Temple (L) Lair (S) Swamp (P) Snake Pit (M) Slime Pits (O) Orcish Mines (E) Elven Halls (V) Vaults (C) Crypt (U) Depths (H) Hell (Z) Zot
Where to? (Enter - D:1 @ (x,y), ? - help)
Things that are here:
a +0 robe; a +3 scythe of flaming
There is a stone staircase leading up here.
You climb upwards.
There is a stone staircase leading down, spattered with blood here.
Magic restored.
You enter the shallow water.
Moving in this stuff is going to be slow.
There is a staircase leading out of the dungeon here.
You have escaped!

#.# ## #..# ## #.... ##.# #####.#
### ##### ...#######.## ###
....)...###.### #################
#..####.###.#.######.............
#.........##.#####....###.###....
#.###.#.####.###..###.# #.# #....
........#∩##~~..### #.###.###....
#.###.####..~~##@# #............
......##..###.#### #............
#.......#####.### #####..#####.
#.....######.#.##########......÷.
#.......## ###.###...............
#......## ##.########.........
#.#############.####.###...#####.
#.#####.....##...................
#...........##.#####.########....


There were no monsters in sight!

Vanquished Creatures
  A dread lich (Zot:5)
  2 ancient liches
  3 orbs of fire
  Mara (Depths:3)
  Bai Suzhen (Elf:3)
  5 Killer Klowns (Zot:5)
  A curse toe (Zot:4)
  Vashnia (Snake:3)
  Xtahua (Vaults:4)
  Nikola (Elf:3)
  5 golden dragons
  3 bone dragons
  3 electric golems
  3 doom hounds (Depths:3)
  Jorgrun (D:12)
  An Ice Fiend (IceCv)
  Rupert (Lair:4)
  14 tentacled monstrosities
  A Hell Sentinel (Zot:5)
  A lich (Depths:2)
  30 Orb Guardians
  Grunn (Depths:3)
  7 titans
  3 walking frostbound tomes (Zot:1)
  8 quicksilver dragons
  3 deep elf blademasters
  A walking divine tome (Depths:4)
  2 deep elf master archers (Elf:3)
  4 death cobs
  8 sphinxes
  Frances (D:12)
  3 tengu reavers
  12 shadow dragons
  Gastronok (Lair:1)
  17 storm dragons
  Donald (Snake:1)
  Roxanne (Snake:1)
  A thorn hunter (Swamp:2)
  2 fenstrider witches (Swamp:3)
  Kirke (Lair:3)
  7 draconian monks
  4 draconian knights
  A revenant (Vaults:3)
  A daeva (Depths:2)
  8 fire giants
  6 nagarajas (Snake:4)
  7 frost giants
  18 vault wardens
  7 deep elf sorcerers
  2 ghost moths
  A balrug (Depths:4)
  2 cacodemons
  Louise (Depths:1)
  2 iron dragons (Vaults:5)
  2 narguns (Zot:1)
  2 imperial myrmidons (Desolation)
  2 draconian shifters
  4 deep elf elementalists (Elf:3)
  7 draconian scorchers
  3 orc warlords
  4 draconian annihilators
  5 draconian stormcallers
  A ghoul (Vaults:3)
  An angel (Depths:2)
  3 spriggan defenders
  11 stone giants
  2 war gargoyles (Vaults:5)
  12 very ugly things
  5 ironbound thunderhulks
  8 green draconians
  A reaper (D:15)
  3 eleionomae
  24 ironbound preservers
  8 deep elf annihilators
  Azrael (Snake:3)
  10 black draconians
  A vampire knight (Vaults:3)
  3 bunyips
  7 deep elf demonologists
  15 purple draconians
  4 dire elephants (Vaults:4)
  12 yellow draconians
  10 red draconians
  A halazid warlock (Desolation)
  9 white draconians
  A putrid mouth (Depths:3)
  A minotaur (shapeshifter) (Vaults:5)
  A merfolk impaler (Depths:1)
  9 statues (WizLab)
  Snorg (D:12)
  9 ettins
  2 merfolk javelineers
  8 deep elf death magi
  6 crystal guardians
  4 fire dragons
  A shambling mangrove (Swamp:4)
  An ettin (shapeshifter) (Vaults:5)
  3 entropy weavers
  5 great orbs of eyes
  20 yaktaur captains
  6 deep elf high priests
  10 ragged hierophants (Desolation)
  4 rakshasas
  Erolcha (D:13)
  36 vault guards
  An ogre mage (Vaults:4)
  7 servants of whispers (Desolation)
  2 salamander tyrants
  11 hydras
  A caustic shrike simulacrum (IceCv)
  6 ghost crabs
  18 peacekeepers
  5 spriggan air magi
  5 ironbound frosthearts
  9 ice dragons
  2 hell beasts
  9 centaur warriors
  6 boulder beetles
  A boulder beetle (shapeshifter) (D:13)
  6 alligators
  9 anacondas
  31 dancing weapons
  4 two-headed ogres
  5 deep troll shamans
  15 naga warriors
  10 tengu warriors
  A vampire mage (Depths:1)
  5 shock serpents
  2 hell hogs (Depths:3)
  6 deep troll earth magi
  4 orc high priests (Orc:2)
  A shock serpent (shapeshifter) (Vaults:4)
  2 soul eaters (Depths:3)
  15 naga sharpshooters
  5 spriggan berserkers
  5 hell knights (Depths:3)
  2 sun demons
  22 deep elf knights
  8 spriggans
  Nergalle (D:12)
  2 sixfirhies (D:15)
  Lodul (D:13)
  8 iron trolls
  A skeletal warrior (D:12)
  4 goliath frogs
  A death drake (Swamp:4)
  4 spriggan druids
  A spectral hydra (Swamp:4)
  5 salamander mystics
  An obsidian statue (IceCv)
  3 spriggan simulacra (IceCv)
  84 deep trolls
  21 ironbound convokers
  A glowing orange brain (shapeshifter) (Depths:3)
  4 glowing orange brains
  A flayed ghost (Depths:3)
  14 deep elf archers
  5 swamp dragons
  7 wizards
  10 bog bodies
  13 naga ritualists
  7 lindwurms
  10 orc knights
  An orc sorcerer (Orc:2)
  5 phantasmal warriors (Vaults:5)
  15 harpies
  A wolf spider (shapeshifter) (Depths:2)
  18 salamanders
  A stone giant zombie (Vaults:3)
  A frost giant zombie (Vaults:1)
  A cyclops (shapeshifter) (Vaults:4)
  19 deep elf zephyrmancers
  A tengu skeleton (Vaults:1)
  8 mana vipers
  4 will-o-the-wisps
  An oklob plant (Swamp:4)
  34 deep elf pyromancers
  7 necromancers
  2 manticores
  21 moths of wrath
  23 ugly things
  A faun (shapeshifter) (Elf:3)
  6 centaur zombies
  Maurice (D:13)
  A stone giant skeleton (Vaults:3)
  A frost giant skeleton (Vaults:3)
  5 cyclopes
  3 human skeletons
  38 black mambas
  23 naga magi
  12 vault sentinels
  6 smoke demons
  2 guardian serpents (Desolation)
  A torpor snail (Lair:2)
  3 orange demons
  12 cane toads
  A fire giant skeleton (Vaults:1)
  14 centaur skeletons
  3 unseen horrors
  3 molten gargoyles
  11 komodo dragons
  66 yaktaurs
  An efreet (D:14)
  A hellion (Depths:3)
  A yaktaur zombie (Vaults:2)
  9 freezing wraiths
  Maggie (D:6)
  An anaconda simulacrum (IceCv)
  A hellwing (Depths:2)
  20 tengu conjurers
  8 rime drakes
  4 swamp worm zombies (Swamp:4)
  2 human zombies (Vaults:1)
  A tormentor (Depths:3)
  A red devil (Lair:5)
  6 trolls
  A harpy zombie (D:15)
  A golden dragon simulacrum (IceCv)
  A hornet (shapeshifter) (Vaults:5)
  17 ice devils
  80 saltlings
  6 tyrant leeches
  8 hornets
  35 slime creatures
  2 polar bears
  2 ettin zombies
  2 spectral swamp dragons (Swamp:4)
  2 meliai zombies (D:12)
  4 flying skulls (D:12)
  6 air elementals
  4 alligator zombies (Swamp:4)
  Sigmund (D:2)
  2 vampires (D:13)
  An ettin skeleton (Vaults:2)
  9 water elementals
  4 wyverns
  A spriggan (shapeshifter) (Vaults:5)
  A jumping spider (Vaults:4)
  2 centaur simulacra (D:15)
  3 hogs (Lair:3)
  7 wraiths
  5 shadows
  7 basilisks
  64 yaks
  4 steam dragons
  8 fire elementals
  3 golden eyes (D:15)
  4 redbacks
  23 vampire mosquitoes
  10 humans
  A harpy simulacrum (IceCv)
  A chaos spawn (Depths:2)
  A warg (shapeshifter) (D:14)
  An elf simulacrum (Vaults:1)
  9 minotaur simulacra (IceCv)
  3 wargs (Orc:2)
  16 swamp worms
  5 hell hounds
  31 nagas
  9 water moccasins
  A floating eye (Depths:2)
  An acid dragon (D:10)
  A glowing shapeshifter skeleton (Vaults:1)
  23 orc warriors
  4 swamp drakes
  2 sky beasts
  4 black bears
  2 alligator simulacra (IceCv)
  An ettin simulacrum (IceCv)
  7 swamp dragon zombies (Swamp:4)
  11 ogres
  9 centaurs
  3 phantoms
  13 bullfrogs
  A kobold brigand (D:11)
  A human simulacrum (Vaults:1)
  2 earth elementals
  A glowing shapeshifter simulacrum (Vaults:2)
  A necrophage (D:5)
  A gnoll sergeant (Orc:2)
  5 scorpions
  7 deep troll simulacra (IceCv)
  6 wights
  5 killer bees (D:11)
  7 howler monkeys
  An electric eel (D:10)
  5 crimson imps
  6 jellies
  3 hounds (D:5)
  28 orc priests
  4 iguanas
  2 spectral swamp drakes (Swamp:4)
  Terence (D:3)
  29 orc wizards
  10 gnolls
  2 swamp drake zombies (Swamp:4)
  6 adders
  5 white imps
  An ufetubus (D:5)
  4 dart slugs
  84 orcs
  5 ball pythons
  6 endoplasms
  A giant cockroach (D:3)
  3 goblins
  4 hobgoblins
  2 quokkas (D:2)
  6 bats
  3 frilled lizards (D:3)
  10 kobolds
  5 rats
  A spectral goblin (D:5)
2180 creatures vanquished.

Vanquished Creatures (others)
  A frost giant (Vaults:5)
  A vault warden (Vaults:1)
  A deep elf elementalist (Elf:3)
  Aizul (Snake:1)
  A stone giant (Vaults:5)
  A green draconian (Zot:4)
  A purple draconian (WizLab)
  A deep elf annihilator (Elf:3)
  A red draconian (Zot:3)
  2 ettins
  A yaktaur captain (Vaults:5)
  A great orb of eyes (Vaults:1)
  5 vault guards
  A ghost crab (Swamp:4)
  A peacekeeper (Desolation)
  An alligator (Swamp:2)
  A deep troll earth mage (Depths:3)
  A deep elf knight (Elf:3)
  An iron troll (Depths:3)
  A bog body (Swamp:2)
  A spriggan simulacrum (IceCv)
  A deep elf archer (Elf:1)
  An orc knight (Vaults:3)
  A deep elf zephyrmancer (Elf:1)
  2 black mambas (Snake:1)
  An orange demon (Depths:2)
  5 yaktaurs
  A tengu conjurer (WizLab)
  A freezing wraith (D:14)
  5 bloated husks
  A spectral swamp dragon (Swamp:4)
  2 saltlings (Desolation)
  A yak (Lair:2)
  2 nagas
  A centaur (D:15)
  4 phantoms (Swamp:4)
  2 orcs
  26 foxfires
  42 fungi
  53 plants
178 creatures vanquished.

Grand Total: 2358 creatures vanquished

Notes
Turn   | Place    | Note
-------+----------+-------------------------------------------
     0 | D:1      | freelancePsychic the Demonspawn Wanderer began the quest
                  | for the Orb.
     0 | D:1      | freelancePsychic set off with the following items: a +0
                  | mace, a wand of flame (3), a scroll of fog, a +0 leather
                  | armour; and the following spells available to memorise:
                  | Beastly Appendage, Foxfire, Confusing Touch, Hailstorm.
     0 | D:1      | Reached XP level 1. HP: 13/13 MP: 5/5
   169 | D:1      | Gained mutation: You have sharp fingernails. [demonic
                  | ancestry]
   169 | D:1      | Reached XP level 2. HP: 12/20 MP: 7/7
   413 | D:1      | Reached skill level 1 in Fighting
   968 | D:2      | Reached skill level 1 in Unarmed Combat
  1157 | D:2      | Reached XP level 3. HP: 14/26 MP: 8/8
  1351 | D:2      | Noticed Sigmund
  1392 | D:1      | HP: 1/26 [poisoned by an adder]
  1786 | D:2      | Reached skill level 2 in Unarmed Combat
  2040 | D:3      | Reached XP level 4. HP: 12/33 MP: 10/10
  2346 | D:3      | Noticed Terence
  2355 | D:3      | Killed Terence
  2356 | D:3      | Reached skill level 1 in Stealth
  2606 | D:3      | Found a basalt altar of Yredelemnul.
  2749 | D:3      | Gained mutation: You sometimes gain a little power by
                  | taking damage. [demonic ancestry]
  2749 | D:3      | Reached XP level 5. HP: 39/39 MP: 11/11
  3069 | D:4      | Noticed an ogre
  3218 | D:4      | Reached skill level 3 in Unarmed Combat
  3326 | D:4      | Noticed a phantom
  3408 | D:4      | Killed a phantom
  3473 | D:4      | Killed an ogre
  3474 | D:4      | Reached skill level 4 in Unarmed Combat
  3474 | D:4      | Gained mutation: Your demonic aura sometimes causes spilled
                  | blood to erupt in flames. [demonic ancestry]
  3474 | D:4      | Reached XP level 6. HP: 32/47 MP: 12/12
  3933 | D:5      | Entered Level 5 of the Dungeon
  4029 | D:5      | Reached skill level 5 in Unarmed Combat
  4029 | D:5      | Reached XP level 7. HP: 54/54 MP: 13/13
  4047 | D:5      | Found a staircase to the Ecumenical Temple.
  4097 | Temple   | Entered the Ecumenical Temple
  4311 | Temple   | Became a worshipper of Ru the Awakened
  4360 | D:5      | You fall into a shaft and drop 1 floor!
  4845 | D:5      | Found a hazy altar of Hepliaklqana.
  4960 | D:5      | Found a hide-covered altar of Uskayaw.
  4961 | D:5      | Found a sparkling altar of Nemelex Xobeh.
  5393 | D:5      | Reached skill level 6 in Unarmed Combat
  5479 | D:6      | Found Zin's Purification Station.
  5586 | D:6      | Noticed Maggie
  5619 | D:6      | Reached skill level 5 in Fighting
  5744 | D:6      | Reached XP level 8. HP: 61/62 MP: 14/14
  5926 | D:6      | Gained mutation: You cannot train Armour skill. [Ru
                  | sacrifice]
  5926 | D:6      | Reached * piety under Ru
  6032 | D:6      | Reached skill level 7 in Unarmed Combat
  6266 | D:6      | Killed Maggie
  6653 | D:2      | Killed Sigmund
  6654 | D:2      | Reached skill level 8 in Unarmed Combat
  7159 | D:7      | Gained mutation: Your demonic aura often causes spilled
                  | blood to erupt in flames. [demonic ancestry]
  7159 | D:7      | Reached XP level 9. HP: 68/71 MP: 15/15
  7433 | D:7      | Reached skill level 9 in Unarmed Combat
  8209 | D:8      | Found a shimmering altar of Xom.
  8263 | D:8      | Reached skill level 1 in Dodging
  9344 | D:9      | Reached XP level 10. HP: 71/82 MP: 16/16
  9353 | D:9      | Gained mutation: You are slightly weak-willed. (Will-) [Ru
                  | sacrifice]
  9353 | D:9      | Reached ** piety under Ru
  9353 | D:9      | Reached *** piety under Ru
  9457 | D:9      | Found a staircase to the Orcish Mines.
  9768 | D:9      | Noticed a two-headed ogre
  9813 | D:9      | Killed a two-headed ogre
  9819 | D:9      | Reached skill level 5 in Dodging
 10128 | D:10     | Entered Level 10 of the Dungeon
 10593 | D:10     | Noticed a two-headed ogre
 10604 | D:10     | Killed a two-headed ogre
 10605 | D:10     | Reached skill level 10 in Fighting
 10605 | D:10     | Reached skill level 10 in Unarmed Combat
 10912 | D:10     | Found a staircase to the Lair.
 11439 | D:11     | Reached XP level 11. HP: 85/92 MP: 17/17
 11671 | D:11     | Noticed a centaur warrior
 11685 | D:11     | Killed a centaur warrior
 11859 | D:11     | Noticed Adrian566's ghost (journeyman GrFi)
 11860 | D:11     | Found a transporter.
 11998 | D:11     | Found a transporter.
 12280 | D:11     | Reached skill level 5 in Stealth
 12355 | D:11     | Noticed a two-headed ogre
 12365 | D:11     | Killed a two-headed ogre
 12677 | D:12     | Noticed Jorgrun
 12768 | Lair:1   | Entered Level 1 of the Lair of Beasts
 12812 | Lair:1   | Noticed Gastronok
 12818 | Lair:1   | Reached skill level 11 in Unarmed Combat
 12833 | Lair:1   | Killed Gastronok
 13051 | Lair:1   | Found a sacrificial altar of Ru.
 13053 | Lair:1   | Noticed a boulder beetle
 13068 | Lair:1   | Killed a boulder beetle
 13594 | Lair:1   | Gained mutation: You have very sharp fingernails. [demonic
                  | ancestry]
 13594 | Lair:1   | Reached XP level 12. HP: 85/102 MP: 18/18
 13949 | Lair:1   | Identified the +1 trident of Blood-Lust {drain, Dex+4}
 14627 | Lair:2   | Reached skill level 12 in Unarmed Combat
 14912 | Lair:2   | Got the Meditations on the Reshaped Escort
 15339 | Lair:2   | Noticed a six-headed hydra
 15339 | Lair:2   | Noticed a five-headed hydra
 15559 | Lair:3   | Noticed a boulder beetle
 15565 | Lair:3   | Killed a boulder beetle
 15719 | Lair:3   | Found a staircase to the Snake Pit.
 15781 | Lair:3   | Found a staircase to the Swamp.
 16165 | Lair:3   | Gained mutation: You are hated by all. [Ru sacrifice]
 16165 | Lair:3   | Reached **** piety under Ru
 16288 | Lair:4   | Noticed Kirke
 16291 | Lair:4   | Noticed a sphinx
 16370 | Lair:3   | Killed Kirke
 16592 | Lair:4   | Noticed Rupert
 16600 | Lair:4   | Noticed a boulder beetle
 16605 | Lair:4   | Killed Rupert
 16606 | Lair:4   | Reached XP level 13. HP: 82/111 MP: 19/19
 16807 | Lair:4   | Reached skill level 13 in Unarmed Combat
 17338 | Lair:5   | Entered Level 5 of the Lair of Beasts
 18166 | Lair:5   | Found a staircase to the Slime Pits.
 18668 | Lair:5   | Gained mutation: You cannot study or cast Poison magic. [Ru
                  | sacrifice]
 18668 | Lair:5   | Gained mutation: You cannot study or cast Hexes magic. [Ru
                  | sacrifice]
 18668 | Lair:5   | Gained mutation: You cannot study or cast Conjurations
                  | magic. [Ru sacrifice]
 18668 | Lair:5   | Reached ***** piety under Ru
 18980 | Lair:5   | Found a burning altar of Makhleb.
 18995 | Lair:5   | Found a gateway to Hell.
 19103 | Lair:5   | Reached skill level 14 in Unarmed Combat
 19521 | Lair:2   | Gained mutation: You sometimes gain power by taking damage.
                  | [demonic ancestry]
 19521 | Lair:2   | Reached XP level 14. HP: 106/113 MP: 20/20
 19742 | Orc:1    | Entered Level 1 of the Orcish Mines
 19980 | Orc:2    | Entered Level 2 of the Orcish Mines
 20011 | Orc:2    | Reached skill level 10 in Dodging
 20164 | Orc:2    | Paralysed by an orc sorcerer for 5 turns
 20383 | Orc:2    | Gained mutation: You occasionally lose the ability to drink
                  | potions when taking damage. [Ru sacrifice]
 20383 | Orc:2    | Gained mutation: You sometimes lose the ability to drink
                  | potions when taking damage. [Ru sacrifice]
 20383 | Orc:2    | Reached ****** piety under Ru
 20618 | Orc:2    | Found a staircase to the Elven Halls.
 20775 | Orc:2    | Found Semolyaqyl's Jewellery Emporium.
 20775 | Orc:2    | Found Umodyfyi's Assorted Antiques.
 20776 | Orc:2    | Found Detyupha's General Store.
 20780 | Orc:2    | Found Yranli's Armour Shoppe.
 20786 | Orc:2    | Bought a scroll of immolation for 72 gold pieces
 20787 | Orc:2    | Bought a condenser vane for 560 gold pieces
 20829 | Orc:2    | Found Peyheg's Armour Emporium.
 20832 | Orc:2    | Bought the +0 mask of the Dragon {Will+ Slay+3 SInv} for
                  | 534 gold pieces
 20832 | Orc:2    | Found the +0 mask of the Dragon {Will+ Slay+3 SInv}
 21242 | D:12     | Found a shimmering altar of Xom.
 21258 | D:12     | Noticed Frances
 21270 | D:12     | Noticed Nergalle
 21285 | D:12     | Killed Nergalle
 21286 | D:12     | Reached skill level 15 in Fighting
 21446 | D:12     | Noticed Snorg
 21451 | D:12     | Killed Snorg
 22037 | D:13     | Noticed Maurice
 22044 | D:13     | Killed Maurice
 22087 | D:13     | Identified a scroll of acquirement
 22088 | D:13     | Acquired the -2 hat of the Alchemist {rElec rPois rF+ rC+
                  | rN+ Will+ rMut rCorr}
 22088 | D:13     | Found the -2 hat of the Alchemist {rElec rPois rF+ rC+ rN+
                  | Will+ rMut rCorr}
 22157 | D:13     | Reached skill level 15 in Unarmed Combat
 22162 | D:13     | Found Catoryto's Blood Bar.
 22172 | D:13     | Found a gate to the Vaults.
 22244 | D:13     | Noticed Lodul
 22255 | D:13     | Killed Lodul
 22266 | D:13     | Noticed Erolcha
 22267 | D:13     | Killed Erolcha
 22598 | D:13     | Gained mutation: Your demonic aura causes all spilled blood
                  | to erupt in flames. [demonic ancestry]
 22598 | D:13     | Reached XP level 15. HP: 106/122 MP: 21/21
 22738 | D:13     | Found the ring of the Octopus King
 22745 | D:13     | Identified a ring of the Octopus King {HP+2 AC+2 EV+2 SH+2
                  | SInv}
 24202 | D:15     | Entered Level 15 of the Dungeon
 24950 | D:15     | Found a staircase to the Depths.
 25156 | D:15     | Upgraded the game from 0.30-a0-475-g03497ec522 to
                  | 0.30-a0-476-g330ca2eb8e
 25425 | Swamp:1  | Entered Level 1 of the Swamp
 25442 | Swamp:1  | Reached skill level 1 in Shields
 25602 | Swamp:1  | HP: 4/122 [spriggan druid/+0 quarterstaff (12)]
 26375 | Swamp:2  | Reached skill level 5 in Shields
 26495 | Swamp:2  | Noticed a thorn hunter
 26506 | Swamp:2  | Killed a thorn hunter
 27062 | Swamp:3  | Noticed a fenstrider witch
 27329 | Swamp:3  | Killed a fenstrider witch
 27374 | Swamp:3  | Noticed a fenstrider witch
 27381 | Swamp:3  | Killed a fenstrider witch
 27382 | Swamp:3  | Gained mutation: You have claws for hands. [demonic
                  | ancestry]
 27382 | Swamp:3  | Reached XP level 16. HP: 120/121 MP: 14/22
 27859 | Swamp:4  | Entered Level 4 of the Swamp
 28016 | Swamp:4  | Found a frozen archway.
 28022 | IceCv    | Entered an ice cave
 28442 | IceCv    | Reached skill level 10 in Shields
 28507 | IceCv    | Noticed an Ice Fiend
 28520 | IceCv    | Killed an Ice Fiend
 28623 | IceCv    | Identified the +1 ice dragon scales of the Kettle-Drum
                  | {-Cast Harm rF- rC++ Regen+ Stlth+}
 29320 | Swamp:4  | Reached skill level 16 in Unarmed Combat
 29920 | Snake:1  | Entered Level 1 of the Snake Pit
 29927 | Snake:1  | Found Tysioj's Antique Weapon Boutique.
 30004 | Snake:1  | Found a flickering gateway to a bazaar.
 30013 | Bazaar   | Entered a bazaar
 30013 | Bazaar   | Found Xakouss's Weapon Boutique.
 30013 | Bazaar   | Found Ahayrufu's Antique Weapon Shop.
 30013 | Bazaar   | Found Ginos's Antique Armour Shop.
 30034 | Bazaar   | Bought an encrusted ring mail for 189 gold pieces
 30034 | Bazaar   | Identified the +2 ring mail of Follow the Leader {Stlth+}
                  | (You bought it in a shop in a bazaar)
 30042 | Snake:1  | Noticed Donald
 30516 | Snake:1  | Killed Donald
 30649 | Snake:1  | Identified Roxanne's Directory of Moulding
 30649 | Snake:1  | Noticed Roxanne
 30677 | Snake:1  | Killed Roxanne
 30696 | Snake:1  | Learned a level 6 spell: Statue Form
 30830 | Snake:1  | Noticed Aizul
 30859 | Snake:1  | Killed Aizul
 30860 | Snake:1  | Reached skill level 1 in Transmutations
 30860 | Snake:1  | Reached skill level 1 in Earth Magic
 31347 | Snake:2  | Found Fiasarr's One-of-a-Kind Rings.
 31429 | Snake:2  | Found a flickering gateway to a bazaar.
 31439 | Bazaar   | Entered a bazaar
 31471 | Bazaar   | Found Tais's Book Emporium.
 31487 | Bazaar   | Found Lesid's Armour Shoppe.
 31503 | Bazaar   | Found Hazxeemm's Jewellery Emporium.
 31702 | Snake:2  | Reached XP level 17. HP: 146/146 MP: 23/23
 32383 | Snake:2  | Reached skill level 5 in Transmutations
 32383 | Snake:2  | Reached skill level 5 in Earth Magic
 32906 | Snake:3  | Found Wadd's Jewellery Boutique.
 32917 | Snake:3  | Found Oczev's Antique Armour Shop.
 32918 | Snake:3  | Found Fionufin's Assorted Antiques.
 33055 | Snake:3  | Noticed Vashnia
 33075 | Snake:3  | Killed Vashnia
 33374 | Snake:3  | Noticed Azrael
 33420 | Snake:3  | Killed Azrael
 34154 | Snake:4  | Entered Level 4 of the Snake Pit
 34850 | Snake:4  | Gained mutation: You are powered by pain. [demonic
                  | ancestry]
 34850 | Snake:4  | Reached XP level 18. HP: 105/146 MP: 17/24
 35397 | Snake:4  | Got a serpentine rune of Zot
 35881 | Swamp:4  | Noticed a bone dragon
 35892 | Swamp:4  | Killed a bone dragon
 35939 | Swamp:4  | Got a decaying rune of Zot
 36158 | Snake:2  | Bought a +7 ring of evasion for 1759 gold pieces
 36373 | Elf:1    | Entered Level 1 of the Elven Halls
 37503 | Elf:2    | Found a magical portal.
 37512 | WizLab   | Entered Iskenderun's Mystic Tower
 37535 | WizLab   | Reached skill level 10 in Earth Magic
 37544 | WizLab   | Reached skill level 10 in Transmutations
 37834 | WizLab   | Reached skill level 5 in Spellcasting
 38665 | Elf:3    | Entered Level 3 of the Elven Halls
 38970 | Elf:3    | Noticed an Ice Fiend
 39008 | Elf:3    | Reached XP level 19. HP: 159/159 MP: 23/28
 39010 | Elf:3    | Identified the ring "Haus" {rF- MP+9 Int+6 Stlth+}
 39011 | Elf:3    | Identified the +1 buckler "Unouwkaux" {rF+}
 39013 | Elf:3    | Identified the +8 battleaxe of Evil {pain, rF++}
 39033 | Elf:3    | Identified the ring of Zasokk {rPois MP+9}
 39129 | Elf:3    | Identified the +7 great sword "Lesasas" {antimagic, Will+
                  | Int-2 Dex+2}
 39187 | Elf:3    | Got the Tome of Moulding
 39279 | Elf:3    | Identified the +11 short sword "Ratweug" {drain, Will+
                  | Int+2}
 39384 | Elf:3    | Noticed Nikola
 39394 | Elf:3    | Killed Nikola
 39557 | Elf:3    | Found Erokodgh's Armour Emporium.
 39559 | Elf:3    | Found Xuqug's Antique Weapon Shoppe.
 39624 | Elf:3    | Paralysed by an air elemental for 1 turns
 39710 | Elf:3    | Noticed Bai Suzhen
 39731 | Elf:3    | Killed Bai Suzhen
 40463 | Elf:2    | Paralysed by an air elemental for 1 turns
 40548 | Elf:2    | Found a runed translucent gate.
 40549 | Elf:2    | Found a runed translucent gate.
 40549 | Elf:2    | Found a runed translucent gate.
 41204 | D:12     | Killed Frances
 41254 | D:12     | Killed Jorgrun
 41338 | Vaults:1 | Entered Level 1 of the Vaults
 41424 | Vaults:1 | Found a crumbling gateway.
 41434 | Desolati | Entered the Desolation of Salt
 41543 | Desolati | Identified the +7 battleaxe of Eceuh {vorpal, Str+2}
 41672 | Desolati | Gained mutation: You are surrounded by a mild repulsion
                  | field. (EV +2) [demonic ancestry]
 41672 | Desolati | Reached XP level 20. HP: 167/167 MP: 29/32
 41709 | Desolati | Identified the +10 whip of an ice cave {venom, rPois
                  | Will+++ Int-4}
 41795 | Desolati | Identified the ring "Eguexu" {Fly rF++ rC+ Str+4 Stlth-}
 41802 | Desolati | Identified the +1 chain mail "Kohiluq" {rC++}
 42078 | Desolati | Identified the ring "Eqiolys" {rF+ rC- Dex+7}
 42092 | Desolati | Identified the +4 robe of the Alphagorgon {+Blink rF+}
 42149 | Desolati | Identified the +0 robe of Lethargy {Dex+2}
 42152 | Desolati | Identified the +2 quarterstaff "Giantslayer" {drain, rC+
                  | Stlth+}
 42284 | Desolati | Learned a level 5 spell: Lee's Rapid Deconstruction
 42504 | Desolati | Learned a level 2 spell: Wereblood
 43297 | Vaults:1 | Reached skill level 15 in Dodging
 44144 | Vaults:2 | Gained mutation: You are surrounded by a moderate repulsion
                  | field. (EV +3) [demonic ancestry]
 44144 | Vaults:2 | Reached XP level 21. HP: 175/175 MP: 29/33
 44939 | Vaults:2 | Reached skill level 17 in Unarmed Combat
 45421 | Vaults:3 | Found a portal to a secret trove of treasure.
 45479 | Vaults:3 | Acquired 846 gold pieces
 45541 | Vaults:3 | Found a staircase to the Crypt.
 45768 | Vaults:3 | Identified the +5 ring mail of the Farmer {Will+}
 47254 | Vaults:4 | Noticed Xtahua
 47258 | Vaults:4 | Paralysed by Xtahua for 3 turns
 47263 | Vaults:4 | Killed Xtahua
 47337 | Vaults:4 | Reached XP level 22. HP: 174/174 MP: 26/34
 47800 | Vaults:4 | Found Sano's Distillery.
 47804 | Vaults:4 | Bought 2 potions of curing for 60 gold pieces
 47804 | Vaults:4 | Bought a potion of magic for 80 gold pieces
 47804 | Vaults:4 | Bought a potion of heal wounds for 50 gold pieces
 47804 | Vaults:4 | Bought a potion of curing for 30 gold pieces
 47804 | Vaults:4 | Bought 2 potions of curing for 60 gold pieces
 47804 | Vaults:4 | Bought a potion of brilliance for 40 gold pieces
 47804 | Vaults:4 | Bought a potion of mutation for 80 gold pieces
 47878 | Vaults:5 | Entered Level 5 of the Vaults
 47958 | Vaults:5 | Identified the +3 lajatang "Kegineoc" {vorpal, rPois rC+}
 47961 | Vaults:5 | Reached skill level 18 in Unarmed Combat
 48007 | Vaults:5 | Noticed an ancient lich
 48022 | Vaults:5 | Killed an ancient lich
 48431 | Vaults:5 | Got a silver rune of Zot
 48501 | Vaults:5 | Identified the amulet "Eceshuto" {RegenMP Rampage rElec
                  | Dex+6 Stlth-}
 48523 | Vaults:5 | Noticed a golden dragon
 48529 | Vaults:5 | Killed a golden dragon
 48588 | Vaults:5 | Identified the +4 dagger of Vanity {flame, *Corrode rC++
                  | Str+4}
 48773 | Vaults:5 | Gained mutation: You punish those that try to bend your
                  | will. (Will+) [demonic ancestry]
 48773 | Vaults:5 | Reached XP level 23. HP: 196/196 MP: 35/35
 48902 | Vaults:5 | Found Zoelor's Distillery.
 48910 | Vaults:5 | Bought a potion of heal wounds for 110 gold pieces
 48910 | Vaults:5 | Bought a potion of brilliance for 88 gold pieces
 48910 | Vaults:5 | Bought a potion of brilliance for 88 gold pieces
 49003 | Vaults:5 | Found Dipleo's Distillery.
 49008 | Vaults:5 | Bought a potion of ambrosia for 168 gold pieces
 49008 | Vaults:5 | Bought a potion of curing for 63 gold pieces
 49008 | Vaults:5 | Bought a potion of attraction for 63 gold pieces
 49008 | Vaults:5 | Bought a potion of attraction for 63 gold pieces
 49357 | Vaults:5 | Identified the +4 quarterstaff "Ineneede" {vorpal, Fragile
                  | rElec rN+++ Stlth-}
 49443 | Vaults:5 | Reached skill level 19 in Unarmed Combat
 49443 | Vaults:5 | Identified the +8 quarterstaff of the Silent Majority
                  | {elec, *Noise rCorr Str+9 Dex+4}
 49445 | Vaults:5 | Identified the ring "Jill" {Fire Will++ Int+3}
 49469 | Vaults:5 | Found the brooch of Shielding {Spirit SH+8}
 49475 | Vaults:5 | Identified the +1 short sword of the Dove {vamp, rElec
                  | Dex+5}
 49476 | Vaults:5 | Identified the +1 cloak of Hysteria {Int+3 Slay+2 SInv}
 49491 | Vaults:5 | Found Sisum's Jewellery Emporium.
 49502 | Vaults:5 | Bought the ring "Zoujal" {rF+ rN+ rCorr Int+4 Dex+6} for
                  | 909 gold pieces
 49955 | Depths:1 | Entered Level 1 of the Depths
 49980 | Depths:1 | Found a one-way gate to the infinite horrors of the Abyss.
 49986 | Depths:1 | Noticed Louise
 50002 | Depths:1 | Killed Louise
 50291 | Vaults:3 | You paid a toll of a +5 demon trident to enter a treasure
                  | trove
 50292 | Trove    | Entered a treasure trove
 50299 | Trove    | Identified the +0 plate armour of Miutypp {rPois SInv}
 50300 | Trove    | Identified the -2 pair of boots of Fallacy {Dex+4}
 50301 | Trove    | Identified the amulet "Xoupt" {Acrobat Dex+4}
 50312 | Trove    | Identified the +5 battleaxe "Dijosuz" {vorpal, rCorr Int+2}
 50313 | Trove    | Identified the amulet of Bodily Harmony {Reflect rPois
                  | SH+5}
 50836 | Depths:1 | Found an iron altar of Okawaru.
 51508 | Depths:1 | Reached skill level 20 in Unarmed Combat
 51816 | Depths:2 | Found a one-way gate leading to the halls of Pandemonium.
 51891 | Depths:2 | Paralysed by a floating eye for 2 turns
 52903 | Depths:3 | Noticed Mara
 52905 | Depths:3 | Noticed freelancePsychic's illusion
 52911 | Depths:3 | Killed Mara
 52975 | Depths:3 | Noticed Grunn
 52987 | Depths:3 | Killed Grunn
 54308 | Depths:4 | Entered Level 4 of the Depths
 54308 | Depths:4 | Found a radiant altar of Vehumet.
 54402 | Depths:4 | Found a gate to the Realm of Zot.
 54405 | Depths:4 | Gained mutation: You are surrounded by a strong repulsion
                  | field. (EV +4, RMsl) [demonic ancestry]
 54405 | Depths:4 | Reached XP level 24. HP: 199/199 MP: 31/35
 54663 | Depths:4 | Found a one-way gateway to a ziggurat.
 54831 | Depths:4 | Noticed a juggernaut
 54831 | Depths:4 | Noticed ragingrage's ghost (veteran SpEn)
 54835 | Depths:4 | Found a transporter.
 54839 | Depths:4 | Found a bloodstained altar of Trog.
 54850 | Depths:4 | Found a transporter.
 54850 | Depths:4 | Noticed a juggernaut
 55377 | Depths:4 | Reached skill level 21 in Unarmed Combat
 55528 | Zot:1    | Entered Level 1 of the Realm of Zot
 55980 | Zot:1    | Identified the +8 double sword of the Shining Light
                  | {vorpal, Str-3 Int+5}
 56659 | Zot:2    | Reached skill level 15 in Shields
 57180 | Zot:2    | Identified the +1 short sword "Doorekk" {freeze, rElec rC+
                  | Will-}
 58209 | Zot:3    | Reached skill level 22 in Unarmed Combat
 58217 | Zot:3    | Noticed an orb of fire
 58219 | Zot:3    | Killed an orb of fire
 58423 | Zot:3    | Gained mutation: You are resistant to unholy torment.
                  | [demonic ancestry]
 58423 | Zot:3    | Reached XP level 25. HP: 205/205 MP: 31/35
 58512 | Zot:4    | Found a transporter.
 58841 | Zot:4    | Found a transporter.
 59183 | Zot:4    | Reached skill level 23 in Unarmed Combat
 59419 | Zot:5    | Entered Level 5 of the Realm of Zot
 60125 | Zot:5    | Noticed an orb of fire
 60131 | Zot:5    | Killed an orb of fire
 60131 | Zot:5    | Noticed an orb of fire
 60133 | Zot:5    | Killed an orb of fire
 60133 | Zot:5    | Noticed a Killer Klown
 60146 | Zot:5    | Killed a Killer Klown
 60147 | Zot:5    | Reached skill level 24 in Unarmed Combat
 60147 | Zot:5    | Noticed a Killer Klown
 60150 | Zot:5    | Killed a Killer Klown
 60151 | Zot:5    | Noticed a dread lich
 60154 | Zot:5    | Killed a dread lich
 60154 | Zot:5    | Noticed a Killer Klown
 60158 | Zot:5    | Killed a Killer Klown
 60160 | Zot:5    | Noticed an ancient lich
 60164 | Zot:5    | Killed an ancient lich
 60164 | Zot:5    | Noticed a Killer Klown
 60169 | Zot:5    | Killed a Killer Klown
 60169 | Zot:5    | Noticed a Killer Klown
 60174 | Zot:5    | Killed a Killer Klown
 61228 | Zot:5    | Got the Orb of Zot
 61254 | Zot:5    | Reached skill level 25 in Unarmed Combat
 61911 | D:$      | Escaped with the Orb!

Illustrated notes

Levels and vault maps discovered:
D:1:      spicycebolla_green_bress_n_ham_2, layout_basic
D:2:      layout_loops_cross, uniq_sigmund
D:3:      layout_basic, mainiacjoe_overflow_boulevard, nrook_campfire,
          kennysheep_generic_room_3, uniq_terence
D:4:      layout_rooms
D:5:      layout_basic, nicolae_hepliaklqana_monster_ancestors,
          nicolae_overflow_hidden_temple, mainiacjoe_overflow_divided_tiny,
          minmay_temple_entry_nine_rooms
D:6:      nicolae_cairo_tiling_large_dashed, layout_basic, zin_purify,
          uniq_maggie
D:7:      layout_basic
D:8:      layout_basic, mainiacjoe_overflow_catwalk_spiral, serial_rivers,
          chequers_serial_rivers_micro_c, chequers_serial_rivers_room_a,
          chequers_serial_rivers_marsh, chequers_serial_rivers_small_b,
          kennysheep_cross_bottleneck, minmay_fire_ice_demons
D:9:      layout_basic, orc_0_dummy
D:10:     layout_basic, grunt_lair_entry_orc_guard_hut, serial_bayou_pond_b
D:11:     layout_roguey [special_room_orc], gammafunk_ghost_berserking_beasts
D:12:     hangedman_screamer, layout_irregular_city, led_xom_imps, uniq_snorg,
          uniq_nergalle, uniq_frances, uniq_jorgrun
D:13:     layout_irregular_city, ximxim_vaults_locker_room, guppyfry_shop_blood,
          uniq_lodul, uniq_erolcha, uniq_maurice
D:14:     layout_stronghold
D:15:     grunt_enter_depths_magical_seal, layout_irregular_city,
          grunt_ministairs_12, amcnicky_mini_pool_small
Temple:   eino_temple_water
Lair:1:   layout_small_grid, basic_altar, uniq_gastronok
Lair:2:   nzn_winding_woodlands_three_and_one
          [nzn_winding_woodlands_5x15_longhouse, nzn_winding_woodlands_5x15_eye,
          nzn_winding_woodlands_5x15_concentric,
          nzn_winding_woodlands_center_lodge], layout_long_grid
Lair:3:   minmay_lair_oklob_chamber, layout_gridlike, swamp_mist,
          guppyfry_snake_entry_garden
Lair:4:   layout_misc_corridors, hangedman_lair_unloving_vines, uniq_kirke,
          uniq_rupert
Lair:5:   evil_forest, layout_gridlike, minmay_slime_entry_pillars,
          grunt_megastairs_2
Swamp:1:  layout_basic_swamp, hangedman_swamp_ruin_wall
Swamp:2:  layout_basic_swamp, evilmike_swamp_ruin_house_3, swamp_pool2,
          infiniplex_staircase_pool_2
Swamp:3:  nicolae_swamp_ascending_descending, layout_falls_marsh,
          evilmike_swamp_ruin_house_1, infiniplex_staircase_pool
Swamp:4:  swamp_pestilence, layout_basic_swamp,
          portal_ice_cave_entry_horrid_things, swamp_pool1
Snake:1:  layout_layer_cave, serial_shops, freezing_bzr, nicolae_square_shop,
          uniq_aizul, uniq_roxanne, uniq_donald
Snake:2:  layout_concentric_octagons, serial_shops, bzr_entry_dummy, drop_trap,
          serial_bayou_pond_d, nicolae_shop_unique_rings, guppyfry_library_mini,
          grunt_megastairs_3, lemuel_fruit_tree
Snake:3:  layout_basic, grunt_megastairs_1, minmay_shop_star,
          serial_bayou_shore_b, uniq_vashnia, uniq_azrael
Snake:4:  snake_pit, layout_cave_town
Orc:1:    layout_diamond_mine
Orc:2:    st_orc_mages, layout_caves, serial_shops, nicolae_shop_behind_doors,
          hellmonk_bongcloud_opening, sword_in_stone
Elf:1:    eino_elf_arrival_sip, layout_gridlike, kennysheep_underground_church
Elf:2:    nicolae_elf_blades_crystal_corner, layout_gridlike, mu_enter_wizlab_3
Elf:3:    elf_hall_gauntlet_wide, layout_loops_corners,
          nicolae_elf_glassroom_feature, minmay_shoptagon, uniq_bai_suzhen,
          uniq_nikola
Vaults:1: portal_desolation_entry_salt, nicolae_vaults_yaktaur_gun_rack,
          nicolae_vaults_sealed_display, v_misc_32, vaults_room_fancy_cross,
          vaults_mumra_lcd, v_pattern_2, v_misc_12, ontoclasm_vaults_twist,
          nicolae_vaults_angled_halls, vaults_room_hallway,
          nicolae_vaults_what_the_h, layout_vaults_omnicross
Vaults:2: hangedman_vaults_nodes, vaults_room_semicircle,
          ontoclasm_vaults_decontamination, nicolae_vaults_theta,
          ontoclasm_vaults_fault, ontoclasm_vaults_eye, layout_vaults_omnigrid
Vaults:3: vaults_mumra_chevron, minmay_crypt_entry_simple_round,
          nicolae_vaults_shelves_hall, vaults_room_semicircle,
          nicolae_vaults_little_ls, nicolae_vaults_little_squares_4,
          nicolae_vaults_little_squares_1, vaults_dpeg_hooks,
          layout_vaults_chaotic_city, nicolae_trove_entry_crossroad
Vaults:4: ontoclasm_vaults_gateway, grunt_vaults_swirl, v_pattern_5,
          hangedman_vaults_corner_blocks, hangedman_vaults_pinch,
          hangedman_vaults_stitches, nicolae_vaults_network_periphery,
          vaults_room_hangedman_quadrants, ontoclasm_vaults_claustrophobia,
          v_misc_1, v_alt_pattern_3, v_alt_pattern_1, vaults_room_pool,
          layout_vaults_ring, serial_shops, shop, uniq_xtahua
Vaults:5: serial_shops
Depths:1: layout_gridville, nicolae_abyss_entry_one_way_or_another,
          grunt_hell_entry_dis_grunt, okawaru_ov_weapons_minmay,
          serial_bayou_shore_a
Depths:2: evilmike_silver_temple, layout_basic, hell_entry,
          rand_demon_pan_entry_1, chequers_serial_rivers_small_3,
          infiniplex_staircase_door_maze, firewood_loft
Depths:3: nooodl_glass_maze, layout_cave_shapes,
          hangedman_decor_clover_reticule, pan_entry, hellmouth_3, abyss_entry,
          minmay_mirror_moons_of_madness, uniq_grunn, uniq_mara
Depths:4: grunt_zot_entry_funnels, layout_gridlike, enter_ziggurat_d,
          grunt_mini_vestibule, gammafunk_ghost_wrathful_warriors,
          nicolae_vehumet_radiance, uniq_margery
Zot:1:    layout_twisted_circle, nicolae_rock_paper_scissors
Zot:2:    layout_gridlike
Zot:3:    layout_gridlike
Zot:4:    gammafunk_its_a_trap, layout_misc_corridors,
          hangedman_zot_decor_scrapings
Zot:5:    layout_onion

Skill      XL: |  1  2  3  4  5  6  7  8  9 10 11 12 13 14 15 16 17 18 19 20 21 22 23 24 25 |
---------------+----------------------------------------------------------------------------+-----
Maces & Flails | 2 |  2.2
Fighting       | 1 2 3 4 5 6 8 10 11 13 14 15 16 17 18 19 20 | 20.0
Unarmed Combat | 1 2 4 5 6 8 9 10 11 12 14 15 16 17 18 20 22 25 | 25.2
Stealth        | 1 4 6 |  6.8
Dodging        | 3 5 7 9 11 12 13 16 18 20 | 20.0
Shields        | 8 10 12 15 | 15.6
Transmutations | 3 8 11 13 14 | 14.2
Earth Magic    | 3 8 11 13 14 | 14.2
Spellcasting   | 6 8 |  8.8
Evocations     | |  3.0

Action                   |  1- 3 |  4- 6 |  7- 9 | 10-12 | 13-15 | 16-18 | 19-21 | 22-24 | 25-27 || total
-------------------------+-------+-------+-------+-------+-------+-------+-------+-------+-------++-------
Melee: Mace              |    11 |       |       |       |       |       |       |       |       ||    11
       Unarmed           |   136 |   161 |   317 |   546 |  1110 |  1408 |  1177 |  1101 |   325 ||  6281
       Punch             |     1 |     6 |    19 |    45 |    85 |       |       |       |       ||   156
Throw: Dart              |     3 |     6 |     5 |    38 |    22 |     2 |       |       |       ||    76
       Throwing net      |       |     2 |       |       |       |       |       |       |       ||     2
 Cast: Statue Form       |       |       |       |       |       |     5 |    64 |    69 |    19 ||   157
       Lee's Rapid Decon |       |       |       |       |       |       |     7 |       |       ||     7
       Wereblood         |       |       |       |       |       |       |    27 |    26 |     7 ||    60
Invok: Sacrifice Durabil |       |       |     1 |       |       |       |       |       |       ||     1
       Draw Out Power    |       |       |       |     4 |     1 |     4 |       |     1 |       ||    10
       Sacrifice Essence |       |       |       |     1 |       |       |       |       |       ||     1
       Reject Sacrifices |       |       |       |     1 |       |       |       |       |       ||     1
       Sacrifice Love    |       |       |       |     1 |       |       |       |       |       ||     1
       Apocalypse        |       |       |       |       |    11 |    10 |     4 |     6 |       ||    31
       Sacrifice Arcana  |       |       |       |       |     1 |       |       |       |       ||     1
       Sacrifice Drink   |       |       |       |       |     1 |       |       |       |       ||     1
 Abil: End Transformatio |       |       |       |       |       |       |     2 |     2 |     6 ||    10
Evoke: Wand              |     3 |       |     3 |     2 |       |     1 |       |     1 |     2 ||    12
       Lightning rod     |       |       |       |     9 |       |       |       |       |       ||     9
       Condenser vane    |       |       |       |       |       |     1 |       |     1 |       ||     2
  Use: Scroll            |     3 |     6 |     8 |     7 |    13 |    12 |     2 |     6 |       ||    57
       Potion            |     4 |       |     2 |       |       |     9 |     1 |     4 |     3 ||    23
 Stab: Held in net/web   |       |     3 |       |       |       |       |       |       |       ||     3
       Sleeping          |       |       |       |    10 |     8 |    21 |     4 |     8 |     3 ||    54
       Distracted        |       |       |       |     3 |     8 |    11 |     8 |    11 |       ||    41
       Petrified         |       |       |       |     2 |       |       |       |       |       ||     2
       Invisible         |       |       |       |       |    13 |    11 |     7 |    15 |       ||    46
       Paralysed         |       |       |       |       |    19 |    21 |     5 |    10 |       ||    55
Armor: Leather armour    |    52 |     3 |       |       |       |       |       |       |       ||    55
       Skin              |     6 |     2 |       |       |       |     7 |   255 |   197 |    28 ||   495
       Ring mail         |       |    86 |   120 |   217 |   453 |   304 |       |       |       ||  1180
       Robe              |       |       |       |       |       |     1 |    18 |     6 |       ||    25
Dodge: Dodged            |    99 |    93 |   109 |   253 |   751 |   579 |  1312 |  1323 |   249 ||  4768
       Repelled          |       |       |       |       |       |       |       |     9 |    10 ||    19
Block: Kite shield       |       |       |       |       |   161 |   614 |       |   292 |   209 ||  1276
       Other             |       |       |       |       |     8 |       |       |       |       ||     8
       Buckler           |       |       |       |       |       |    18 |   574 |   317 |       ||   909

Table legend: (Time is in decaauts)
 A = Elapsed time spent in this place.
 B = Non-inter-level travel time spent in this place.
 C = Inter-level travel time spent in this place.
 D = Time resting spent in this place.
 E = Time spent auto-exploring this place.
 F = Levels seen in this place.
 G = Mean time per level.
                   A        B        C        D        E       F      G
               +--------+--------+--------+--------+--------+-----+--------+
         Total |  64806 |  59375 |   5431 |   2103 |  44048 |  54 | 1200.1 |
       Dungeon |  17805 |  15619 |   2186 |    977 |  11821 |  15 | 1187.0 |
        Temple |    224 |    215 |      9 |      0 |    192 |   1 |  224.0 |
          Lair |   7382 |   6699 |    683 |    585 |   4976 |   5 | 1476.4 |
         Swamp |   3922 |   3556 |    366 |    185 |   2233 |   4 |  980.5 |
     Snake Pit |   5430 |   4994 |    436 |     20 |   3766 |   4 | 1357.5 |
  Orcish Mines |   1339 |   1139 |    200 |     81 |    736 |   2 |  669.5 |
   Elven Halls |   4295 |   3987 |    308 |     62 |   2934 |   3 | 1431.7 |
        Vaults |   8572 |   7915 |    657 |      0 |   5819 |   5 | 1714.4 |
        Depths |   5864 |   5648 |    216 |      0 |   4591 |   4 | 1466.0 |
           Zot |   6522 |   6156 |    366 |     24 |   5017 |   5 | 1304.4 |
        Bazaar |    113 |    113 |      0 |      0 |    100 |   2 |   56.5 |
         Trove |     66 |     66 |      0 |      0 |     32 |   1 |   66.0 |
      Ice Cave |   1051 |   1051 |      0 |     71 |    629 |   1 | 1051.0 |
        Wizlab |    751 |    751 |      0 |     98 |    345 |   1 |  751.0 |
    Desolation |   1464 |   1464 |      0 |      0 |    852 |   1 | 1464.0 |
               +--------+--------+--------+--------+--------+-----+--------+

Top non-repeatable levels by time:
Vaults:5: 2072 daAuts
   Zot:5: 1999 daAuts
Vaults:2: 1806 daAuts
   Elf:3: 1773 daAuts
Vaults:4: 1713 daAuts
Depths:3: 1667 daAuts
  Lair:5: 1660 daAuts
  Lair:1: 1584 daAuts
Vaults:1: 1563 daAuts
     D:5: 1538 daAuts
 Snake:1: 1507 daAuts
  Lair:2: 1504 daAuts
    D:10: 1479 daAuts
Desolation: 1464 daAuts
Depths:4: 1460 daAuts
